 Dungeon Crawl Stone Soup version 0.17-a0-124-gc3c9679 (console) character file.

161 Kellhus the Slasher (level 5, -2/41 HPs)
             Began as a Mummy Chaos Knight on Mar 22, 2015.
             Slain by a worker ant (4 damage)
             ... on level 3 of the Dungeon.
             The game lasted 00:03:27 (2213 turns).

Kellhus the Slasher (Mummy Chaos Knight)            Turns: 2213, Time: 00:03:28

Health: -2/41      AC:  5    Str: 16    XL:     5   Next: 19%
Magic:  5/5        EV: 11    Int: 11    God:    Xom [......]
Gold:   90         SH:  0    Dex: 15    Spells: 0 memorised, 4 levels left

rFire  x . .     SeeInvis .     a - +0 falchion (chaos)
rCold  + . .     Clarity  .     b - +2 leather armour
rNeg   + + +     SustAb   .     (no shield)
rPois  ∞         Gourm    .     (no helmet)
rElec  .         Spirit   .     (no cloak)
rCorr  .         Warding  .     (no gloves)
rMut   .         Stasis   .     (no boots)
MR     .....                    (no amulet)
Stlth  +.........               (no ring)
                                e - +4 ring of dexterity

@: not resistant to hostile enchantments, very unstealthy
A: no food or potions, fire vulnerability, restore body, cold resistance 1,
negative energy resistance 3, poison resistance, torment resistance, unbreathing
a: Renounce Religion


You were on level 3 of the Dungeon.
You worshipped Xom.
You were a very special plaything of Xom.
You were not hungry.

You visited 1 branch of the dungeon, and saw 3 of its levels.

You collected 90 gold pieces.

Inventory:

Hand weapons
 a - a +0 falchion of chaos (weapon)
 i - a +0 club
Missiles
 g - 8 curare-tipped needles
Armour
 b - a +2 leather armour (worn)
Jewellery
 e - a +4 ring of dexterity (left hand)
Scrolls
 c - 2 scrolls of amnesia {unknown}
 d - a scroll of enchant weapon {unknown}
 f - 2 scrolls of noise {unknown}
 h - 3 scrolls of identify {unknown}


   Skills:
 - Level 3.0 Fighting
 + Level 4.6 Long Blades
 + Level 2.1 Armour
 - Level 0.7 Dodging


You had 4 spell levels left.
You didn't know any spells.

Dungeon Overview and Level Annotations

Branches:
Dungeon (3/15)

Altars:
Sif Muna

Annotations:
D:3 HAL9000's ghost, average OgHu


Innate Abilities, Weirdness & Mutations

You do not eat or drink.
Your flesh is vulnerable to fire.
Your flesh is cold resistant.
You are immune to negative energy.
Your system is resistant to poisons.
You are immune to unholy pain and torment.
You can survive without breathing.


Message History

You hit the worker ant but do no damage.
The worker ant flickers and vanishes!
Deactivating autopickup; reactivate with Ctrl-A.
Something bites you. Something bites you but does no damage.
You closely miss something. Something bites you.
You miss something. Something bites you.
No target in view!
You hit something. Something bites you. Something bites you.
You hit something.
You feel better. Something bites you.
You barely miss something. Something bites you but does no damage.
You miss something. Something bites you.
* * * LOW HITPOINT WARNING * * *
You closely miss something. Something bites you.
* * * LOW HITPOINT WARNING * * *
You emit a cloud of colourful smoke!
Something bites you.
* * * LOW HITPOINT WARNING * * *
You hit something but do no damage. Something bites you.
You die... "Huh?
Did I miss anything?"

## #. #.#### ....# .§.# #{§# #@§#
#§§# #..#.##§.###### ########
#.............##### #......#
####.###.#.......†####.# #.####>#
#.###.#.##†.†.......#
#.####.######.......##..##.######
#.#......†..#####.####..##.......
..#.##.####.# #.####..#########


There were no monsters in sight!

Vanquished Creatures
  A hound (shapeshifter) (D:1)
  Natasha (D:3)
  Ijyb (D:3)
  3 adders (D:2)
  A worm (D:3)
  2 giant geckos (D:3)
  7 hobgoblins
  A quokka (D:3)
  2 ball pythons
  5 bats
  A giant cockroach (D:1)
  3 giant newts
  3 goblins (D:1)
  10 jackals
  8 kobolds
  11 rats
60 creatures vanquished.

Vanquished Creatures (collateral kills)
  A jackal (D:3)
1 creature vanquished.

Grand Total: 61 creatures vanquished

Notes
Turn   | Place    | Note
--------------------------------------------------------------
     0 | D:1      | Kellhus, the Mummy Chaos Knight, began the quest for the Orb.
     0 | D:1      | Reached XP level 1. HP: 18/18 MP: 1/1
   394 | D:1      | XOM: harmless Hex miscast
   399 | D:1      | Noticed a hound
   399 | D:1      | a gnoll changed into a hound
   400 | D:1      | XOM: potion effect (might)
   403 | D:1      | Killed a hound
   403 | D:1      | Reached XP level 2. HP: 16/24 MP: 2/2
   403 | D:1      | Reached XP level 3. HP: 19/29 MP: 3/3
  1071 | D:2      | Reached skill level 4 in Long Blades
  1133 | D:2      | Reached XP level 4. HP: 35/35 MP: 4/4
  1164 | D:2      | XOM: harmless Summ miscast
  1223 | D:2      | Found a deep blue altar of Sif Muna.
  1381 | D:2      | XOM: colour smoke trail
  1387 | D:2      | XOM: divination: magic mapping
  1436 | D:2      | XOM: medium Necr miscast
  1446 | D:2      | XOM: cast spell 'Blink'
  1588 | D:3      | Noticed Natasha
  1588 | D:3      | XOM: swap weapons
  1598 | D:3      | XOM: cast spell 'Olgreb's Toxic Radiance'
  1609 | D:3      | Killed Natasha
  1811 | D:3      | Noticed HAL9000's ghost (average OgHu)
  1860 | D:3      | XOM: swap monsters
  1988 | D:3      | XOM: silly message
  1992 | D:3      | XOM: blink monster(s)
  1997 | D:3      | XOM: 2-stop teleportation journey
  2007 | D:3      | XOM: harmless Necr miscast
  2011 | D:3      | Reached XP level 5. HP: 31/41 MP: 5/5
  2085 | D:3      | Noticed Ijyb
  2096 | D:3      | Killed Ijyb
  2212 | D:3      | XOM: smoke on damage
  2212 | D:3      | HP: 1/41 [something (3)]
  2213 | D:3      | Slain by a worker ant

Action                   |  1- 3 |  4- 6 || total
-------------------------+-------+-------++-------
Melee: Falchion          |    91 |    96 ||   187
 Stab: Paralysed         |       |     3 ||     3
       Confused          |       |     2 ||     2
